 Dungeon Crawl Stone Soup version 0.16.2-12-gd0ad4c3 (webtiles) character file.

233 magipi the Chopper (level 6, -5/48 HPs)
             Began as a Ghoul Gladiator on Oct 16, 2015.
             Slain by an orc
             ... wielding a +0 mace
              (6 damage)
             ... on level 4 of the Dungeon.
             The game lasted 00:11:00 (1629 turns).

magipi the Chopper (Ghoul Gladiator)                Turns: 1629, Time: 00:11:00

Health: -5/48      AC:  7    Str: 19    XL:     6   Next: 4%
Magic:  5/5        EV: 10    Int:  3    God:
Gold:   134        SH:  0    Dex: 11    Spells: 0 memorised, 5 levels left

rFire  . . .     SeeInvis .     a - +0 war axe
rCold  + . .     Clarity  .     k - +0 scale mail
rNeg   + + +     SustAb   .     (no shield)
rPois  ∞         Gourm    .     c - +0 helmet
rElec  .         Spirit   .     (no cloak)
rCorr  .         Warding  .     (no gloves)
rMut   .         Stasis   .     (no boots)
MR     .....                    (no amulet)
Stlth  ..........               (no ring)
                                (no ring)

@: rotting, not resistant to hostile enchantments, extremely unstealthy
A: rotting body, claws 1, carnivore 3, cold resistance 1, negative energy
resistance 3, poison resistance, slow healing 1, torment resistance, unbreathing
a: no special abilities


You were on level 4 of the Dungeon.
You were not hungry.

You visited 1 branch of the dungeon, and saw 4 of its levels.

You collected 134 gold pieces.

Inventory:

Hand weapons
 a - a +0 war axe (weapon)
Missiles
 n - 3 javelins (quivered)
Armour
 c - a +0 helmet (worn)
 k - a +0 scale mail (worn)
Magical devices
 x - a wand of digging (12)
Scrolls
 e - a scroll of teleportation {unknown}
 f - 2 scrolls of noise {unknown}
 g - 3 scrolls of immolation {unknown}
 j - a scroll of magic mapping {unknown}
 o - a scroll of remove curse {unknown}
 p - a scroll of recharging {unknown}
 r - a scroll of fear {unknown}
 v - a scroll of identify {unknown}
Potions
 b - 4 potions of curing {unknown}
 h - a potion of brilliance {unknown}
 i - a potion of invisibility {unknown}
 l - a potion of might {unknown}
 m - 2 potions of lignification {unknown}
 s - a potion of flight {unknown}
 w - a potion of resistance {unknown}
Comestibles
 q - 2 chunks of flesh
 t - a beef jerky
 u - a royal jelly


   Skills:
 - Level 2.1 Fighting
 + Level 5.9 Axes
 - Level 2.0 Throwing
 - Level 2.6 Dodging


You had 5 spell levels left.
You didn't know any spells.

Dungeon Overview and Level Annotations

Branches:
Dungeon (4/15)
 Temple: D:4-7

Altars:
Kikubaaqudgha


Innate Abilities, Weirdness & Mutations

Your body is rotting away.
You thrive on raw meat.
You have sharp fingernails.
You are carnivorous and can eat meat at any time.
Your flesh is cold resistant.
You are immune to negative energy.
Your system is resistant to poisons.
You heal slowly when monsters are visible.
You are immune to unholy pain and torment.
You can survive without breathing.

Vault maps used:
D:1:      grunt_arrival_crossed_arrows, st_stairs_4,
          hangedman_decor_diamond_cutter, bh_walls_and_bars
D:2:      lemuel_coloured_pillars_altar, first_bread
D:3:      lemuel_castle_with_subvaults, old_standard_altar, lemuel_old_faithful,
          uniq_crazy_yiuf_cottage
D:4:      portal_sewer_entry_b, uniq_blork_the_orc, uniq_iyjb, uniq_duvessa


Message History

You kill the orc priest!
Your scale mail prevents you from hitting the orc priest.
You hit the orc.
The orc is severely wounded.
You miss the adder. The orc hits you but does no damage. The adder bites you.
The orc priest calls down the wrath of Beogh upon you.
Something smites you!
Throwing (i - inventory. (,) - cycle):
d - 2 throwing nets (quivered)
Press: ? - help, Shift-Dir - straight line, f - orc priest
Aim: an orc priest, wielding a dagger You throw a throwing net.
The throwing net barely misses the orc priest.
The adder closely misses you. The orc barely misses you.
The orc priest mumbles some strange prayers to Beogh.
You feel a wave of unholy energy pass over you.
Unknown command.
Unknown command.
Throwing (i - inventory. (,) - cycle):
d - a throwing net (quivered)
Press: ? - help, Shift-Dir - straight line, f/p - orc priest
Aim: an orc priest, wielding a dagger You throw a throwing net.
The throwing net hits the orc priest.
The orc priest is caught in the net!
The adder bites you but does no damage. The orc closely misses you.
The orc priest struggles against the net.
The adder closely misses you.
Unknown command.
You hit the orc priest.
The orc priest is moderately wounded.
You closely miss the adder. You hit the orc.
The orc is almost dead.
The orc barely misses you. The adder closely misses you.
The orc priest struggles against the net.
You slash the orc priest!
The orc priest is severely wounded.
You hit the orc but do no damage.
The orc is almost dead.
You closely miss the adder. The adder bites you. The orc barely misses you.
The orc priest struggles against the net.
The adder closely misses you. The orc hits you but does no damage.
The helpless orc priest fails to defend itself.
You hit the orc priest.
The orc priest is almost dead.
You miss the adder. You closely miss the orc.
The orc is almost dead.
The orc priest mumbles some strange prayers to Beogh against you.
Something smites you!
* * * LOW HITPOINT WARNING * * *
The orc priest struggles to escape the net.
The adder bites you but does no damage. The orc barely misses you.
You slash the orc priest!
You kill the orc priest!
You have reached level 6!
Your experience leads to an increase in your attributes!
Increase (S)trength, (I)ntelligence, or (D)exterity?
You feel agile.
You hit the adder.
The adder is heavily wounded.
You barely miss the orc.
The orc is almost dead.
The adder bites you.
* * * LOW HITPOINT WARNING * * *
The orc hits you.
* * * LOW HITPOINT WARNING * * *
The adder bites you but does no damage.
Eat one of 4 chunks of flesh? (ye/n/q/i?) This raw flesh tastes great!
You hear the slow rusting of a very distant drain.
The adder bites you but does no damage. The orc barely misses you.
The orc barely misses you.
You continue eating.
The adder bites you but does no damage. The orc hits you.
* * * LOW HITPOINT WARNING * * *
The orc barely misses you. The adder bites you but does no damage.
You continue eating.
The orc hits you but does no damage. The adder completely misses you.
The orc hits you with a mace.
* * * LOW HITPOINT WARNING * * *
Unknown command.
Eat one of 3 chunks of flesh? (ye/n/q/i?) This raw flesh tastes great!
The orc barely misses you. The adder barely misses you.
You continue eating.
The adder bites you.
* * * LOW HITPOINT WARNING * * *
The orc hits you with a mace.
* * * LOW HITPOINT WARNING * * *
The orc hits you.
* * * LOW HITPOINT WARNING * * *
The adder bites you but does no damage.
You continue eating.
The orc hits you.
* * * LOW HITPOINT WARNING * * *
The orc hits you but does no damage. The adder bites you but does no damage.
Throwing (i - inventory):
n - 4 javelins (quivered)
Press: ? - help, Shift-Dir - straight line, f - adder
Aim: an adder (heavily wounded)
You throw a javelin. The javelin barely misses the adder.
The orc completely misses you. The adder closely misses you.
The orc hits you with a mace.
You die... ### ###.# .###...# #oo....####### ##.o #.S##...## S.oo

#@o......##
#..##o...###.##
#....(.## ##.##
# ##....##
##.## ## #%...#
#..####)
#.....#
##...##[#
.....##
#.......#
##....#
#..####..#
##.... #.# ##..


You could see an adder and 2 orcs.

Table legend:
 A = Kills in this place as a percentage of kills in entire the game.
 B = Kills by you in this place as a percentage of kills by you in the entire game.
 C = Kills by friends in this place as a percentage of kills by friends in the entire game.
 D = Other kills in this place as a percentage of other kills in the entire game.
 E = Experience gained in this place as a percentage of experience gained in the entire game.
 F = Experience gained in this place divided by the number of levels of this place that you have seen.
                   A       B       C       D       E      F
               +-------+-------+-------+-------+-------+----------------------
         Total | 100.0 | 100.0 |  -nan |  -nan | 100.0 |  83.2
       Dungeon | 100.0 | 100.0 |  -nan |  -nan | 100.0 |  83.2
               +-------+-------+-------+-------+-------+----------------------

Vanquished Creatures
  An ogre (D:4)
  2 orc priests (D:4)
  An orc wizard (D:4)
  A giant mite (D:4)
  A giant gecko (D:1)
  6 orcs (D:4)
  A ball python (D:1)
  8 bats
  2 giant cockroaches
  5 hobgoblins
  8 jackals
  3 giant newts
  5 goblins
  7 kobolds
  4 rats
55 creatures vanquished.

Notes
Turn   | Place    | Note
--------------------------------------------------------------
     0 | D:1      | magipi, the Ghoul Gladiator, began the quest for the Orb.
     0 | D:1      | Reached XP level 1. HP: 17/17 MP: 1/1
   121 | D:1      | Reached skill level 3 in Axes
   173 | D:1      | Reached XP level 2. HP: 22/24 MP: 2/2
   738 | D:2      | Reached XP level 3. HP: 12/28 MP: 3/3
  1116 | D:3      | Found an ancient bone altar of Kikubaaqudgha.
  1303 | D:3      | Reached skill level 4 in Axes
  1484 | D:4      | Noticed an ogre
  1494 | D:4      | Killed an ogre
  1494 | D:4      | Reached skill level 5 in Axes
  1494 | D:4      | Reached XP level 4. HP: 35/35 MP: 3/3
  1494 | D:4      | Reached XP level 5. HP: 40/40 MP: 4/4
  1622 | D:4      | Reached XP level 6. HP: 11/48 MP: 5/5
  1628 | D:4      | HP: 1/48 [orc (2)]
  1629 | D:4      | Slain by an orc

Action                   |  1- 3 |  4- 6 || total
-------------------------+-------+-------++-------
Melee: War axe           |   121 |    36 ||   157
Throw: Throwing net      |     1 |     2 ||     3
       Javelin           |       |     1 ||     1
 Stab: Held in net/web   |       |     1 ||     1
  Eat: Chunk             |    21 |     5 ||    26

Action                   |  1- 3 |  4- 6 || total
-------------------------+-------+-------++-------
Melee: War axe           |   121 |    36 ||   157
Throw: Throwing net      |     1 |     2 ||     3
       Javelin           |       |     1 ||     1
 Stab: Held in net/web   |       |     1 ||     1
  Eat: Chunk             |    21 |     5 ||    26

Action                   |  1- 3 |  4- 6 || total
-------------------------+-------+-------++-------
Melee: War axe           |   121 |    36 ||   157
Throw: Throwing net      |     1 |     2 ||     3
       Javelin           |       |     1 ||     1
 Stab: Held in net/web   |       |     1 ||     1
  Eat: Chunk             |    21 |     5 ||    26
